 Dungeon Crawl Stone Soup version 0.31-a0-236-g9a0961fb85 (webtiles) character file.

Game seed: 12017342154558218737

653 arthad the Grasshopper (level 7, -5/52 (56) HPs)
             Began as a Gnoll Warper on July 10, 2023.
             Was an Initiate of Gozag.
             Slain by Maggie
             ... wielding a +2 scimitar of flaming
              (11 damage)
             ... on level 6 of the Dungeon.
             The game lasted 00:13:22 (3854 turns).

arthad the Grasshopper (Gnoll Warper)               Turns: 3854, Time: 00:13:22

HP:   -5/52 (56)    AC:  6    Str: 10    XL:     7   Next: 54%
MP:   6/15          EV: 13    Int: 14    God:    Gozag
Gold: 257           SH:  0    Dex: 12    Spells: 0/17 levels left

rFire   . . .        a - +0 hand axe
rCold   . . .        (no shield)
rNeg    . . .        b - +0 leather armour
rPois   +            u - +0 helmet
rElec   .            (no cloak)
rCorr   .            y - +1 pair of gloves
SInv    +            (no boots)
Will    .....        f - amulet of regeneration
Stlth   +            e - ring of see invisible
HPRegen 1.08/turn    z - ring of poison resistance
MPRegen 0.14/turn

%: no passive effects
@: silenced, on blink cooldown, studying Axes, drained
A: fangs 1, strong nose, distributed training
a: Renounce Religion


You were on level 6 of the Dungeon.
You worshipped Gozag.
Gozag was aware of your devotion.
You visited 2 branches of the dungeon, and saw 7 of its levels.

You collected 312 gold pieces.
You paid 55 gold pieces to Gozag.

Inventory:

Hand Weapons
 a - a +0 hand axe (weapon)
 m - the +1 long sword "Emigoim" {freeze, SInv}
   (You found it on level 2 of the Dungeon)

   SInv:      It lets you see invisible.
 B - a +0 orcbow of flaming
 F - the +1 quarterstaff "Teoloegu" {flame, rElec rCorr Int-3}
   (You found it on level 5 of the Dungeon)

   Int:       It affects your intelligence (-3).
   rElec:     It insulates you from electricity.
   rCorr:     It protects you from acid and corrosion.
Missiles
 d - 5 boomerangs of dispersal
 w - 6 poisoned darts
 E - 6 boomerangs
Armour
 b - a +0 leather armour (worn)
 u - a +0 helmet (worn)
 y - a +1 pair of gloves (worn)
Jewellery
 e - a ring of see invisible (left hand)
 f - an amulet of regeneration (around neck)
 n - a ring of resist corrosion
 z - a ring of poison resistance (right hand)
Scrolls
 c - 2 scrolls of blinking
 h - a scroll of immolation {unknown}
 i - 5 scrolls of enchant weapon {unknown}
 l - 9 scrolls of identify {unknown}
 o - 3 scrolls of teleportation {unknown}
 p - 3 scrolls of summoning {unknown}
 s - 3 scrolls of vulnerability {unknown}
 A - a scroll of enchant armour {unknown}
 D - a scroll of noise {unknown}
 G - a scroll of fear {unknown}
Potions
 g - a potion of degeneration {unknown}
 j - a potion of enlightenment {unknown}
 k - 2 potions of haste {unknown}
 q - 2 potions of curing {unknown}
 t - 2 potions of berserk rage {unknown}
 v - 2 potions of attraction {unknown}
 x - a potion of mutation {unknown}
 C - a potion of lignification {unknown}


   Skills:
 + Level 5.3 Fighting
 + Level 2.6 Short Blades
 + Level 2.6 Long Blades
 + Level 5.5 Axes
 + Level 2.6 Maces & Flails
 + Level 2.6 Polearms
 + Level 2.6 Staves
 + Level 2.6 Ranged Weapons
 + Level 3.7 Throwing
 + Level 3.7 Armour
 + Level 5.3 Dodging
 + Level 2.6 Stealth
 + Level 2.6 Shields
 + Level 2.6 Unarmed Combat
 + Level 5.7 Spellcasting
 + Level 2.1 Conjurations
 + Level 2.1 Hexes
 + Level 2.1 Summonings
 + Level 2.1 Necromancy
 + Level 5.9 Translocations
 + Level 2.1 Transmutations
 + Level 2.1 Fire Magic
 + Level 2.1 Ice Magic
 + Level 2.1 Air Magic
 + Level 2.1 Earth Magic
 + Level 2.1 Poison Magic
 + Level 3.0 Invocations
 + Level 2.6 Evocations


You couldn't memorise any spells.
You knew the following spells:

 Your Spells              Type           Power      Damage    Failure   Level
a - Blink                 Tloc           40%        N/A       2%          2
b - Teleport Other        Tloc           20%        N/A       5%          3
c - Vampiric Draining     Necr           10%        2d6       26%         3
d - Lesser Beckoning      Tloc           40%        N/A       2%          2
e - Manifold Assault      Tloc           20%        N/A       19%         4
f - Mephitic Cloud        Conj/Pois/Air  10%        N/A       26%         3

Your spell library contained the following spells:

 Spells                   Type           Power      Damage    Failure   Level
 Necrotise                Necr           40%        1d6       9%          1
 Vhi's Electric Charge    Tloc/Air       30%        N/A       12%         3
 Poisonous Vapours        Pois/Air       20%        N/A       13%         2
 Agony                    Necr           10%        N/A       94%         5
 Arcjolt                  Conj/Air       5%         1d15      94%         5
 Freezing Cloud           Conj/Ice/Air   5%         6-21      94%         5
 Iskenderun's Battlesphe  Conj           10%        2d6       94%         5
 Leda's Unmaking          Conj/Erth      5%         9d2       100%        6
 Plasma Beam              Fire/Air       5%         2x1d15    100%        6
 Spellforged Servitor     Conj/Summ      5%         N/A       100%        7


Dungeon Overview and Level Annotations

Branches:
Dungeon (6/15)             Temple (1/1) D:4

Altars:
Cheibriados
Dithmenos
Fedhas
Gozag
Hepliaklqana
Makhleb
Nemelex Xobeh
Okawaru
Qazlal
Ru
Sif Muna
Trog
Uskayaw
Vehumet
Xom
Zin
The Shining One

Shops:
D:1 !   D:3 (?[(*   D:4 *

Annotations:
D:6 Maggie


Innate Abilities, Weirdness & Mutations

You have very sharp teeth.
Your uncanny sense of smell can sniff out nearby items.
Your experience applies equally to all skills.


Message History

You feel drained.
You barely miss the wight.
The wight is moderately damaged.
The wight closely misses you. The wight barely misses you.
Okay, then.
Casting: Manifold Assault (quite dangerous; 19% risk of failure)
Confirm with . or Enter, or press ? or * to list all spells.
You miscast Manifold Assault.
You are very lightly contaminated with residual magic.
Nothing appears to happen.
The wight hits you from afar with a +3 halberd!
The wight closely misses you.
Unknown command.
The wight attacks as you move away! The wight closely misses you.
The wight attacks as you move away! The wight barely misses you.
Maggie the Vainglorious comes into view.
She is wielding a +2 scimitar of flaming.
Maggie shouts!
Okay, then.
Casting: Manifold Assault (quite dangerous; 19% risk of failure)
Confirm with . or Enter, or press ? or * to list all spells.
You blink.
Maggie mumbles the words to a spell, but in the wrong order.
Maggie casts a spell.
Maggie attempts to bespell you!
You are mesmerised by Maggie!
You cannot move away from Maggie!
Okay, then.
As you read the scroll labelled DEUJAPLORI, it crumbles to dust.
A profound silence engulfs you.
You are no longer entranced.
It was a scroll of silence.
Maggie hits you with a +2 scimitar of flaming!
* * * LOW HITPOINT WARNING * * *
Maggie burns you!
* * * LOW HITPOINT WARNING * * *
Your magical contamination has completely faded away.
Maggie attacks as you move away!
Maggie hits you with a +2 scimitar of flaming!
You die...
Your body crumbles into a pile of gold.

# ### .# #.. . #.#.#
######## ##.#.# #.z.z..#
#....# ##z####.####@.#
#z<.# #.zz.z.@#
........#######.........
..##.$z.# #........# .
..z#.# #.########
......# #. ####.#.# #.
#.#.# #. #.# #.


You could see Maggie and 3 wights.

Vanquished Creatures
  2 ogres (D:4)
  2 centaurs (D:4)
  A phantom (D:5)
  A bullfrog (D:4)
  A hound (D:5)
  An orc priest (D:5)
  An orc wizard (D:5)
  A gnoll (D:2)
  An adder (D:5)
  A shadow imp (D:5)
  2 worms
  2 dart slugs
  6 orcs (D:5)
  7 bats
  8 endoplasms
  2 giant cockroaches
  9 goblins
  3 hobgoblins
  5 jackals (D:2)
  5 kobolds
  9 ball pythons
  2 frilled lizards
  6 rats
78 creatures vanquished.

Notes
Turn   | Place    | Note
-------+----------+-------------------------------------------
     0 | D:1      | arthad the Gnoll Warper began the quest for the Orb.
     0 | D:1      | Reached XP level 1. HP: 20/20 MP: 6/6
   154 | D:1      | Reached XP level 2. HP: 20/26 MP: 7/7
   299 | D:1      | Learned a level 2 spell: Blink
   489 | D:1      | Reached skill level 5 in Spellcasting
   489 | D:1      | Reached XP level 3. HP: 31/31 MP: 7/9
   565 | D:1      | Found Foik's Distillery.
   885 | D:2      | Identified the +1 long sword "Emigoim" {freeze, SInv}
   906 | D:2      | Reached skill level 1 in Invocations
   924 | D:2      | Reached skill level 1 in Short Blades
   924 | D:2      | Reached skill level 1 in Long Blades
   924 | D:2      | Reached skill level 1 in Maces & Flails
   924 | D:2      | Reached skill level 1 in Polearms
   924 | D:2      | Reached skill level 1 in Staves
   924 | D:2      | Reached skill level 1 in Ranged Weapons
   924 | D:2      | Reached skill level 1 in Stealth
   924 | D:2      | Reached skill level 1 in Shields
   924 | D:2      | Reached skill level 1 in Unarmed Combat
   924 | D:2      | Reached skill level 1 in Evocations
  1266 | D:2      | Learned a level 3 spell: Teleport Other
  1270 | D:2      | Learned a level 3 spell: Vampiric Draining
  1360 | D:3      | Reached XP level 4. HP: 38/38 MP: 11/11
  1385 | D:3      | Found a sparkling altar of Nemelex Xobeh.
  1422 | D:3      | Found Ruavif's Antique Armour Emporium.
  1460 | D:3      | Found Gemurch's Antique Weapon Shoppe.
  1467 | D:3      | Found Qyvog's General Store.
  1607 | D:3      | Found Wytas's Antique Weapon Shop.
  1637 | D:3      | Found a glowing silver altar of Zin.
  1776 | D:3      | Found Erof's Magic Scroll Boutique.
  2185 | D:4      | Reached skill level 1 in Conjurations
  2185 | D:4      | Reached skill level 1 in Hexes
  2185 | D:4      | Reached skill level 1 in Summonings
  2185 | D:4      | Reached skill level 1 in Necromancy
  2185 | D:4      | Reached skill level 1 in Transmutations
  2185 | D:4      | Reached skill level 1 in Fire Magic
  2185 | D:4      | Reached skill level 1 in Ice Magic
  2185 | D:4      | Reached skill level 1 in Air Magic
  2185 | D:4      | Reached skill level 1 in Earth Magic
  2185 | D:4      | Reached skill level 1 in Poison Magic
  2310 | D:4      | Noticed a bullfrog
  2311 | D:4      | Found a snail-covered altar of Cheibriados.
  2346 | D:4      | Killed a bullfrog
  2347 | D:4      | Reached XP level 5. HP: 23/43 MP: 10/12
  2385 | D:4      | Noticed an ogre
  2405 | D:4      | Killed an ogre
  2406 | D:4      | Reached XP level 6. HP: 28/50 MP: 9/13
  2452 | D:4      | Reached skill level 5 in Fighting
  2452 | D:4      | Reached skill level 5 in Axes
  2452 | D:4      | Reached skill level 5 in Dodging
  2490 | D:4      | Reached XP level 7. HP: 44/56 MP: 15/15
  2646 | D:4      | Found Sydy's Assorted Antiques.
  2847 | D:4      | Found a staircase to the Ecumenical Temple.
  2852 | Temple   | Entered the Ecumenical Temple
  3175 | Temple   | Became a worshipper of Gozag Ym Sagoz the Greedy
  3248 | D:5      | Entered Level 5 of the Dungeon
  3324 | D:5      | Found a hide-covered altar of Uskayaw.
  3438 | D:5      | Identified the +1 quarterstaff "Teoloegu" {flame, rElec
                  | rCorr Int-3}
  3545 | D:5      | Learned a level 2 spell: Lesser Beckoning
  3550 | D:5      | Learned a level 4 spell: Manifold Assault
  3554 | D:5      | Learned a level 3 spell: Mephitic Cloud
  3851 | D:6      | Noticed Maggie
  3854 | D:6      | Slain by Maggie

Illustrated notes

Levels and vault maps discovered:
D:1:      wander_arrival_lonely_grave, layout_basic, serial_shops,
          nicolae_shop_real_fake_doors, amcnicky_mini_pool_small
D:2:      layout_basic, cheibrodos_gnoll_hut
D:3:      layout_loops_cross, nemelex_spade_bored_becter, amcnicky_altar_gilded,
          serial_shops, nicolae_shop_stone, shop, nicolae_diamond_shop,
          nicolae_diamond_shop, shop_statue, serial_co_window_serial,
          co_window_corner_a, co_window_of_opportunity_a,
          co_window_of_opportunity_a, co_window_of_opportunity_a,
          co_window_corner_a, co_window_unsneaky_path_e, co_window_corner_b,
          co_window_corner_cb, co_window_2corner, glass_columns_c,
          glass_columns_b, glass_columns_a, glass_columns_b, glass_columns_b
D:4:      layout_cave_pools, mainiacjoe_overflow_boulevard,
          minmay_temple_entry_nine_rooms, serial_shops,
          nicolae_shop_hallway_plus, minmay_manual_mares
D:5:      layout_rooms, mainiacjoe_overflow_catwalk
D:6:      layout_loops_ring, gammafunk_ghost_abyssal_escape, uniq_maggie
Temple:   oiseaux_autumnal_temple

Skill      XL: |  1  2  3  4  5  6  7 |
---------------+----------------------+-----
Spellcasting   | 5 |  5.7
Invocations    | 1 2 3 |  3.0
Short Blades   | 1 2 |  2.6
Long Blades    | 1 2 |  2.6
Maces & Flails | 1 2 |  2.6
Polearms       | 1 2 |  2.6
Staves         | 1 2 |  2.6
Ranged Weapons | 1 2 |  2.6
Stealth        | 1 2 |  2.6
Shields        | 1 2 |  2.6
Unarmed Combat | 1 2 |  2.6
Evocations     | 1 2 |  2.6
Conjurations   | 1 2 |  2.1
Hexes          | 1 2 |  2.1
Summonings     | 1 2 |  2.1
Necromancy     | 1 2 |  2.1
Transmutations | 1 2 |  2.1
Fire Magic     | 1 2 |  2.1
Ice Magic      | 1 2 |  2.1
Air Magic      | 1 2 |  2.1
Earth Magic    | 1 2 |  2.1
Poison Magic   | 1 2 |  2.1
Throwing       | 3 |  3.7
Armour         | 3 |  3.7
Fighting       | 5 |  5.3
Axes           | 5 |  5.5
Dodging        | 5 |  5.3
Translocations | |  5.9

Action                     |  1- 3 |  4- 6 |  7- 9 || total
---------------------------+-------+-------+-------++-------
  Melee: Hand axe          |   105 |   131 |    65 ||   301
         Bite              |    10 |    14 |     7 ||    31
         Punch             |       |     3 |     3 ||     6
   Fire: Orcbow            |       |       |    30 ||    30
  Throw: Boomerang         |     2 |       |       ||     2
         Dart              |       |     7 |       ||     7
   Cast: Blink             |       |     3 |     1 ||     4
         Mephitic Cloud    |       |       |     1 ||     1
         Manifold Assault  |       |       |     1 ||     1
    Use: Scroll            |       |       |     1 ||     1
   Stab: Sleeping          |     3 |     2 |     1 ||     6
 Armour: Leather armour    |    36 |    42 |    18 ||    96
  Dodge: Dodged            |    66 |   123 |    49 ||   238

Table legend: (Time is in decaauts)
 A = Elapsed time spent in this place.
 B = Non-inter-level travel time spent in this place.
 C = Inter-level travel time spent in this place.
 D = Time resting spent in this place.
 E = Time spent auto-exploring this place.
 F = Levels seen in this place.
 G = Mean time per level.
                   A        B        C        D        E       F      G
               +--------+--------+--------+--------+--------+-----+--------+
         Total |   3891 |   3723 |    168 |      0 |   2958 |   7 |  555.9 |
       Dungeon |   3531 |   3430 |    101 |      0 |   2679 |   6 |  588.5 |
        Temple |    360 |    293 |     67 |      0 |    279 |   1 |  360.0 |
               +--------+--------+--------+--------+--------+-----+--------+

Top non-repeatable levels by time:
     D:1: 806 daAuts
     D:3: 793 daAuts
     D:4: 753 daAuts
     D:5: 600 daAuts
     D:2: 559 daAuts
  Temple: 360 daAuts
     D:6: 17 daAuts
